 Dungeon Crawl Stone Soup version 0.19.0-24-gb05acd6 (console) character file.

1578 Jesseh the Ruffian (level 8, -3/71 HPs)
             Began as a Ghoul Monk on Nov 23, 2016.
             Was a Priest of Makhleb.
             Slain by a hornet (9 damage)
             ... on level 6 of the Dungeon.
             The game lasted 00:37:00 (6355 turns).

Jesseh the Ruffian (Ghoul Monk)                     Turns: 6355, Time: 00:37:01

Health: -3/71      AC:  6    Str: 20    XL:     8   Next: 91%
Magic:  7/7        EV: 14    Int:  5    God:    Makhleb [***...]
Gold:   257        SH:  0    Dex: 13    Spells: 0 memorised, 7 levels left

rFire  . . .     SeeInvis .       - Unarmed
rCold  + + .     Gourm    .     E - +0 leather armour
rNeg   + + +     Faith    .     (no shield)
rPois  ∞         Spirit   .     c - +1 helmet
rElec  .         Reflect  .     v - +0 cloak
rCorr  +         Harm     .     (no gloves)
MR     .....                    (no boots)
Stlth  ++........               (no amulet)
                                D - ring of protection from cold
                                j - ring of resist corrosion

@: mighty, rotting
A: rotting body, claws 1, carnivore 3, cold resistance 1, negative energy
resistance 3, slow regeneration 1, torment resistance, unbreathing
a: Minor Destruction, Lesser Servant of Makhleb, Renounce Religion


You were on level 6 of the Dungeon.
You worshipped Makhleb.
Makhleb was most pleased with you.
You were not hungry.

You visited 2 branches of the dungeon, and saw 8 of its levels.

You collected 257 gold pieces.

Inventory:

Hand Weapons
 w - a cursed +0 whip
   (You found it on level 4 of the Dungeon)
 z - the +3 trident of Wiryusec {pain, +Blink rElec Dex+2, unknown}
   (You found it on level 5 of the Dungeon)

   In the hands of one skilled in necromantic magic, it inflicts extra damage on
   living creatures.
   It affects your dexterity (+2).
   It insulates you from electricity.
   It lets you blink.
Missiles
 f - 6 javelins (quivered)
Armour
 a - a +0 robe
 c - a +1 helmet (worn)
   (You found it on level 1 of the Dungeon)
 k - a +0 ring mail
   (You found it on level 1 of the Dungeon)
 s - a +0 shield
   (You found it on level 3 of the Dungeon)
 v - a +0 cloak (worn)
   (You found it on level 4 of the Dungeon)
 E - a +0 leather armour (worn)
   (You took it off an orc on level 6 of the Dungeon)
 F - a +1 ring mail of poison resistance
   (You took it off an orc on level 6 of the Dungeon)
Jewellery
 j - a ring of resist corrosion (left claw)
   (You found it on level 1 of the Dungeon)
 D - a ring of protection from cold (right claw)
   (You found it on level 6 of the Dungeon)
Wands
 d - a wand of iceblast (13/15)
   (You found it on level 4 of the Dungeon)
Scrolls
 e - 3 scrolls of identify
 h - a scroll of remove curse
 l - 2 scrolls of enchant armour
 n - a scroll of magic mapping
 r - a scroll of enchant weapon {unknown}
 t - a scroll of immolation {unknown}
 u - a scroll of fog
 y - a scroll of noise {unknown}
 B - a scroll of amnesia {unknown}
 C - a scroll of vulnerability {unknown}
 G - a scroll of random uselessness {unknown}
 H - a scroll of blinking {unknown}
Potions
 g - a potion of might
 m - a potion of flight
 p - a potion of cancellation
 q - 4 potions of magic
 x - a potion of brilliance
 A - a potion of degeneration
Comestibles
 b - 2 meat rations
 o - a royal jelly
 I - a beef jerky


   Skills:
 * Level 6.5 Fighting
 - Level 3.0 Armour
 - Level 5.0 Dodging
 - Level 2.1 Stealth
 + Level 4.5 Shields
 + Level 6.8 Unarmed Combat


You had 7 spell levels left.
You didn't know any spells.

Dungeon Overview and Level Annotations

Branches:
Dungeon (7/15)             Temple (1/1) D:6

Altars:
Cheibriados
Dithmenos
Elyvilon
Fedhas
Gozag
Hepliaklqana
Kikubaaqudgha
Makhleb
Nemelex Xobeh
Okawaru
Qazlal
Ru
Trog
Uskayaw
Vehumet
Xom
Yredelemnul
Zin
The Shining One

Annotations:
D:6 Prince Ribbit


Innate Abilities, Weirdness & Mutations

Your body is rotting away.
You thrive on raw meat.
You are immune to poison.
You have sharp fingernails.
You are carnivorous and can eat meat at any time.
Your flesh is cold resistant. (rC+)
You are immune to negative energy. (rN+++)
You regenerate slowly when monsters are visible.
You are immune to unholy pain and torment.
You can survive without breathing.


Message History

Makhleb accepts your kill.
You feel better.
Things that are here:
an uncursed enchanted shortbow; 16 arrows; a centaur corpse You butcher the centaur corpse.
G - 7 chunks of flesh (gained 5)
Things that are here:
an uncursed enchanted shortbow; 16 arrows You start resting.
You feel your flesh rotting away.
You start resting.
Eating one of 7 chunks of flesh.
You start eating one of the 7 chunks of flesh.
You feel more resilient.
This raw flesh tastes great!
You start resting.
Some of the chunks of flesh in your inventory have rotted away.
You feel your flesh rotting away.
Eating one of 5 chunks of flesh.
You start eating one of the 5 chunks of flesh.
You feel more resilient.
This raw flesh tastes great!
You now have 257 gold pieces (gained 17).
You see here an arrow.
You see here an arrow.
All of the chunks of flesh in your inventory have rotted away.
Partly explored, can't reach some places.
There is a stone staircase leading down here.
You climb downwards.
There is a stone staircase leading up here.
G - a scroll labeled REWKO UMUSEY
As you read the scroll labeled WEMNIJI BUYPES, it crumbles to dust.
You feel aware of your surroundings.
It was a scroll of magic mapping.
As you read the scroll of identify, it crumbles to dust.
q - 4 potions of magic Put on which piece of jewellery? (? for menu, Esc to quit)
D - a ring of protection from cold (right claw)
An adder zombie comes into view.
The adder zombie barely misses you.
You scratch the adder zombie. You completely miss the adder zombie.
The adder zombie completely misses you.
You scratch the adder zombie but do no damage.
The adder zombie misses you.
You scratch the adder zombie.
The adder zombie bites you but does no damage.
You scratch the adder zombie. The adder zombie closely misses you.
You claw the adder zombie!
You destroy the adder zombie!
Makhleb accepts your kill.
Found a stone staircase leading down.
You enter a teleport trap!
The teleport trap disappears.
Your surroundings suddenly seem different.
A hornet comes into view.
An adder comes into view.
The hornet buzzes angrily.
The adder hisses angrily.
The hornet stings you!
You scratch the hornet. The hornet stings you.
You scratch the hornet. The hornet barely misses you.
The hornet stings you but does no damage.
You scratch the hornet but do no damage.
The hornet barely misses you.
You miss the hornet. The hornet closely misses you.
You barely miss the hornet. The hornet stings you.
The hornet stings you but does no damage.
You claw the hornet! You claw the hornet. The hornet barely misses you.
You closely miss the hornet. The hornet completely misses you.
You closely miss the hornet. The hornet completely misses you.
The hornet stings you.
You scratch the hornet. The hornet barely misses you.
You closely miss the hornet. The hornet stings you.
You miss the hornet. The hornet stings you!
You barely miss the hornet. The hornet stings you!
* * * LOW HITPOINT WARNING * * *
The hornet closely misses you. The hornet barely misses you.
The hornet stings you.
* * * LOW HITPOINT WARNING * * *
The hornet barely misses you. The hornet misses you.
Found a stone staircase leading up.
The hornet barely misses you. The hornet stings you!
* * * LOW HITPOINT WARNING * * *
The hornet closely misses you. The adder misses you.
The hornet closely misses you. The hornet closely misses you.
There is a stone staircase leading up here.
You can't go down here!
The hornet stings you but does no damage.
The adder bites you but does no damage. The hornet stings you.
* * * LOW HITPOINT WARNING * * *
The adder closely misses you.
You climb upwards.
Level annotation: Prince Ribbit
There is a stone staircase leading down here.
Unknown command.
You feel better.
The hornet stings you but does no damage.
The adder bites you but does no damage.
You feel very mighty all of a sudden. The hornet stings you!
You die...

...............▒▒....▒
...............▒▒.▒▒.▒
...............▒▒.▒▒.▒
........▒▒........▒▒.▒▒▒▒
...........[......▒▒....▒
...▒▒.▒▒▒▒........▒▒▒▒▒.▒
.▒.▒▒....▒........▒ ▒▒▒.▒
...▒▒....▒.....yS.▒▒▒...▒
................n..▒▒▒▒.▒
....▒....▒▒▒▒....▒.▒....▒
..▒.........▒....▒.▒.▒▒▒▒
............▒....▒.▒.▒▒▒
............▒...(▒.▒(..▒
....................▒▒.▒
..▒▒...................▒
..▒▒................▒▒▒▒
▒▒▒▒................▒


You could see a hornet and an adder.

Vanquished Creatures
  A water moccasin (D:6)
  2 orc warriors (D:6)
  3 centaurs
  An ogre (D:4)
  2 scorpions (D:6)
  A water moccasin skeleton (D:4)
  3 howler monkeys (D:4)
  A crimson imp (D:5)
  2 bullfrog zombies (D:4)
  4 hounds
  A centaur skeleton (D:5)
  An iguana (D:5)
  An orc wizard (D:4)
  2 worker ants
  A killer bee zombie (D:5)
  3 hound zombies (D:4)
  A hound skeleton (D:4)
  A worker ant zombie (D:6)
  9 adders
  3 gnolls (D:4)
  2 shadow imps
  An ooze (D:4)
  4 worms
  2 adder zombies
  5 dart slugs
  7 leopard geckos
  14 orcs
  9 bats
  8 giant cockroaches
  7 goblins
  7 hobgoblins
  7 quokkas
  A frilled lizard (D:1)
  4 giant cockroach zombies
  5 kobolds
  A leopard gecko skeleton (D:6)
  A quokka skeleton (D:6)
  A quokka zombie (D:4)
  7 rats
136 creatures vanquished.

Notes
Turn   | Place    | Note
-------+----------+-------------------------------------------
     0 | D:1      | Jesseh the Ghoul Monk began the quest for the Orb.
     0 | D:1      | Reached XP level 1. HP: 19/19 MP: 0/0
   164 | D:1      | Reached XP level 2. HP: 26/26 MP: 1/1
   614 | D:1      | Reached skill level 1 in Armour
   783 | D:2      | Reached XP level 3. HP: 28/32 MP: 2/2
   817 | D:2      | Reached skill level 4 in Fighting
   991 | D:2      | Found a hazy altar of Hepliaklqana.
  1047 | D:2      | Reached XP level 4. HP: 40/40 MP: 3/3
  1092 | D:2      | Reached skill level 4 in Unarmed Combat
  1336 | D:2      | Reached skill level 3 in Dodging
  1612 | D:3      | Found a faded altar of an unknown god.
  1675 | D:3      | Reached skill level 2 in Armour
  1945 | D:3      | Reached XP level 5. HP: 46/46 MP: 4/4
  2271 | D:4      | Reached XP level 6. HP: 31/52 MP: 5/5
  2294 | D:4      | HP: 12/52 [gnoll/spear (2)]
  2425 | D:4      | HP: 11/52 [howler monkey (6)]
  2427 | D:4      | Reached skill level 4 in Dodging
  2437 | D:4      | HP: 11/52 [giant cockroach zombie (1)]
  2681 | D:4      | Found a bloodstained altar of Trog.
  2681 | D:4      | Found a white marble altar of Elyvilon.
  2881 | D:4      | Found an iron altar of Okawaru.
  2881 | D:4      | Found a shadowy altar of Dithmenos.
  2882 | D:4      | Found a glowing golden altar of the Shining One.
  2883 | D:4      | Found a stormy altar of Qazlal.
  2883 | D:4      | Found a burning altar of Makhleb.
  2893 | D:4      | Reached skill level 3 in Armour
  2904 | D:4      | Became a worshipper of Makhleb the Destroyer
  2904 | D:4      | Reached * piety under Makhleb
  2904 | D:4      | Reached ** piety under Makhleb
  2952 | D:4      | Reached skill level 5 in Unarmed Combat
  3140 | D:4      | Reached skill level 1 in Shields
  3140 | D:4      | Reached XP level 7. HP: 59/59 MP: 6/6
  3214 | D:4      | Reached skill level 2 in Shields
  3616 | D:5      | Entered Level 5 of the Dungeon
  3678 | D:5      | Reached skill level 3 in Shields
  3711 | D:5      | Reached skill level 5 in Dodging
  3779 | D:5      | HP: 8/59 [ogre/giant club (11)]
  3822 | D:4      | HP: 13/59 [worker ant (7)]
  3836 | D:4      | HP: 13/59 [worker ant (1)]
  3851 | D:5      | HP: 12/59 [worker ant (3)]
  3856 | D:5      | HP: 4/59 [worker ant (8)]
  4362 | D:5      | Reached XP level 8. HP: 52/66 MP: 7/7
  4545 | D:5      | Got a bloodstained trident
  4678 | D:6      | Reached skill level 5 in Fighting
  4678 | D:6      | Reached skill level 6 in Unarmed Combat
  4728 | D:6      | Found a staircase to the Ecumenical Temple.
  4800 | Temple   | Entered the Ecumenical Temple
  5129 | D:6      | Reached *** piety under Makhleb
  5245 | D:6      | Reached skill level 4 in Shields
  5274 | D:6      | Reached skill level 6 in Fighting
  5592 | D:6      | Noticed Prince Ribbit
  6320 | D:7      | Noticed a hornet
  6346 | D:7      | HP: 6/71 [hornet (15)]
  6352 | D:7      | HP: 1/71 [hornet (6)]
  6355 | D:6      | Slain by a hornet

Skill      XL: |  1  2  3  4  5  6  7  8 |
---------------+-------------------------+-----
Armour         | 1 2 3 |  3.0
Fighting       | 4 6 |  6.5
Unarmed Combat | 4 5 6 |  6.8
Dodging        | 3 4 5 |  5.0
Shields        | 1 3 4 |  4.5
Stealth        | |  2.1

Action                   |  1- 3 |  4- 6 |  7- 9 || total
-------------------------+-------+-------+-------++-------
Melee: Unarmed           |   115 |   210 |   312 ||   637
       Punch             |     1 |     1 |    10 ||    12
  Use: Scroll            |       |       |    10 ||    10
       Potion            |       |       |     6 ||     6
 Stab: Sleeping          |     1 |     2 |     1 ||     4
  Eat: Chunk             |     1 |     5 |     9 ||    15
       Meat ration       |       |     1 |       ||     1
Armor: Robe              |    26 |    25 |    18 ||    69
       Leather armour    |       |       |    36 ||    36
Dodge: Dodged            |    67 |   151 |   224 ||   442
Block: Shield            |       |       |    14 ||    14

Vault maps used:
D:1:      evilmike_arrival_hilbert_curve
D:2:      overflow_temple_1_default, first_bread, kennysheep_generic_room_4
D:3:      ecumenical_altar_2, hangedman_decor_points
D:4:      grunt_temple_overflow_open, gup_sewer_entry_spiral, serial_undead,
          serial_undead_c, serial_undead_e, serial_undead_d, serial_undead_b,
          serial_undead_f, serial_undead_e, serial_undead_e
D:6:      lemuel_another_geyser, uniq_prince_ribbit1
Temple:   jpeg_temple_clearing

Table legend:
 A = Turns spent in this place as a percentage of turns spent in the entire game.
 B = Non-inter-level travel turns spent in this place as a percentage of non-inter-level travel turns spent in the entire game.
 C = Inter-level travel turns spent in this place as a percentage of turns spent in this place.
 D = Turns resting spent in this place as a percentage of non-inter-level travel turns spent in this place.
 E = Turns spent auto-exploring this place as a percentage of non-inter-level travel turns spent in this place.
 F = Non-inter-level travel turns spent in this place divided by the number of levels of this place that you've seen.
                   A       B       C       D       E      F
               +-------+-------+-------+-------+-------+----------------------
         Total | 100.0 | 100.0 |   0.5 |   1.2 |   6.4 | 259.8
       Dungeon |  98.9 |  98.9 |   0.5 |   1.0 |   5.9 | 293.6
        Temple |   1.1 |   1.1 |   4.2 |  17.4 |  52.2 |  23.0
               +-------+-------+-------+-------+-------+----------------------

Table legend:
 A = Kills in this place as a percentage of kills in entire the game.
 B = Kills by you in this place as a percentage of kills by you in the entire game.
 C = Kills by friends in this place as a percentage of kills by friends in the entire game.
 D = Other kills in this place as a percentage of other kills in the entire game.
 E = Experience gained in this place as a percentage of experience gained in the entire game.
 F = Experience gained in this place divided by the number of levels of this place that you have seen.
                   A       B       C       D       E      F
               +-------+-------+-------+-------+-------+----------------------
         Total | 100.0 | 100.0 |  -nan |  -nan | 100.0 | 281.9
       Dungeon |  99.3 |  99.3 |  -nan |  -nan |  98.1 | 316.0
        Temple |   0.7 |   0.7 |  -nan |  -nan |   1.9 |  43.0
               +-------+-------+-------+-------+-------+----------------------
